 Dungeon Crawl Stone Soup version 0.19.5 (webtiles) character file.

169 Inkary the Chopper (level 5, -4/41 HPs)
             Began as a Formicid Fighter on Mar 26, 2017.
             Slain by Crazy Yiuf
             ... wielding a +2 quarterstaff of chaos
              (9 damage)
             ... on level 2 of the Dungeon.
             The game lasted 00:03:36 (2174 turns).

Inkary the Chopper (Formicid Fighter)               Turns: 2174, Time: 00:03:36

Health: -4/41      AC:  6    Str: 21    XL:     5   Next: 79%
Magic:  5/5        EV:  7    Int:  8    God:
Gold:   105        SH:  9    Dex: 10    Spells: 0 memorised, 4 levels left

rFire  . . .     SeeInvis +     a - +0 war axe
rCold  . . .     Gourm    .     b - +0 scale mail
rNeg   . . .     Faith    .     c - +0 shield
rPois  .         Spirit   .     (helmet unavailable)
rElec  .         Reflect  .     (no cloak)
rCorr  .         Harm     .     (no gloves)
MR     .....                    (no boots)
Stlth  ..........               (no amulet)
                                (no ring)
                                (no ring)

@: no status effects
A: permanent stasis, dig shafts and tunnels, four strong arms, antennae 3
a: Dig, Shaft Self


You were on level 2 of the Dungeon.
You were not hungry.

You visited 1 branch of the dungeon, and saw 2 of its levels.

You collected 105 gold pieces.

Inventory:

Hand Weapons
 a - a +0 war axe (weapon)
Armour
 b - a +0 scale mail (worn)
 c - a +0 shield (worn)
Scrolls
 g - 4 scrolls of blinking {unknown}
 i - 6 scrolls of identify {unknown}
 l - a scroll of enchant armour {unknown}
 m - a scroll of enchant weapon {unknown}
 o - a scroll of random uselessness {unknown}
 p - 2 scrolls of remove curse {unknown}
Potions
 d - 2 potions of might
 e - a potion of brilliance {unknown}
 j - 2 potions of curing {unknown}
 n - a potion of cancellation {unknown}
Comestibles
 f - 3 bread rations
 h - a royal jelly
 k - 2 meat rations
 q - a chunk of flesh


   Skills:
 - Level 3.4 Fighting
 * Level 5.4 Axes
 - Level 3.3 Armour
 - Level 3.6 Shields


You had 4 spell levels left.
You didn't know any spells.

Dungeon Overview and Level Annotations

Branches:
Dungeon (2/15)

Altars:
Dithmenos

Annotations:
D:2 Crazy Yiuf


Innate Abilities, Weirdness & Mutations

You are under a permanent stasis effect.
You can dig through walls and to a lower floor.
Your four strong arms can wield two-handed weapons with a shield.
You have a pair of large antennae on your head. (SInv)


Message History

Found a mace.
Crazy Yiuf yells, "Adder sing-song bush!"
There is an open door here.
You hit Crazy Yiuf.
Crazy Yiuf is moderately wounded.
Crazy Yiuf hits you with a quarterstaff of chaos!
You closely miss Crazy Yiuf.
Crazy Yiuf is moderately wounded.
You block Crazy Yiuf's attack. Crazy Yiuf hits you but does no damage.
You are electrocuted!
You hit Crazy Yiuf.
Crazy Yiuf is severely wounded.
Crazy Yiuf hits you with a quarterstaff of chaos!
* * * LOW HITPOINT WARNING * * *
Crazy Yiuf freezes you.
* * * LOW HITPOINT WARNING * * *
You barely miss Crazy Yiuf.
Crazy Yiuf is severely wounded.
Crazy Yiuf hits you with a quarterstaff of chaos!
You die...

#.#####
#..#.......>.....
......#
#####..#.#.....######
#.###.#
#........#.{..## #.#
#.# ###############
#.# #.# ..# #.# ###
♣♣♣♣♣## .## #.# #.#
#### ♣♣♣.♣..)###
.####.# #.#
#...#♣..♣..P.))##
......# #.#
#..g@.♣♣♣♣P.....#
.###### #.# #)..#♣♣
♣♣P.#).## #
..#######.# ####
♣♣##...####
..........# #...'...
÷.######### #...####
.## ### #####..## #
.# #.# #...).## # .#
#.# ##...## # ## #.#
##'## #


You could see Crazy Yiuf.

Vanquished Creatures
  Jessica (D:2)
  Natasha (D:2)
  Robin (D:2)
  3 adders (D:2)
  A dart slug (D:2)
  7 leopard geckos
  A ball python (D:1)
  5 bats
  2 giant cockroaches
  19 goblins
  8 hobgoblins
  2 jackals (D:1)
  2 quokkas (D:2)
  5 frilled lizards
  8 kobolds
  3 rats (D:1)
69 creatures vanquished.

Notes
Turn   | Place    | Note
-------+----------+-------------------------------------------
     0 | D:1      | Inkary the Formicid Fighter began the quest for the Orb.
     0 | D:1      | Reached XP level 1. HP: 18/18 MP: 1/1
   150 | D:1      | Reached XP level 2. HP: 24/24 MP: 2/2
   347 | D:1      | Reached skill level 3 in Axes
   367 | D:1      | Reached XP level 3. HP: 25/29 MP: 3/3
   943 | D:2      | Found a runed door.
  1122 | D:2      | Reached XP level 4. HP: 31/35 MP: 4/4
  1304 | D:2      | Reached skill level 4 in Axes
  1327 | D:2      | Noticed Jessica
  1328 | D:2      | Found a shadowy altar of Dithmenos.
  1364 | D:2      | Killed Jessica
  1380 | D:2      | Noticed Robin
  1435 | D:2      | Reached XP level 5. HP: 30/41 MP: 5/5
  1557 | D:2      | Killed Robin
  1775 | D:2      | Reached skill level 5 in Axes
  1835 | D:2      | Noticed Natasha
  1839 | D:2      | Killed Natasha
  2169 | D:2      | Noticed Crazy Yiuf
  2174 | D:2      | Slain by Crazy Yiuf

Skill      XL: |  1  2  3  4  5 |
---------------+----------------+-----
Axes           | 3 4 5 |  5.4
Fighting       | |  3.4
Armour         | |  3.3
Shields        | |  3.6

Action                   |  1- 3 |  4- 6 || total
-------------------------+-------+-------++-------
Melee: War axe           |   119 |   118 ||   237
  Eat: Chunk             |     1 |     4 ||     5
Armor: Scale mail        |    55 |    38 ||    93
Dodge: Dodged            |    46 |    28 ||    74
Block: Shield            |    67 |    62 ||   129
